 Dungeon Crawl Stone Soup version 0.29-a0-330-g52719c12eb (webtiles) character file.

Game seed: 16923381883629579089

2646 zishaf the Fighter (level 9, -1/106 HPs)
             Began as an Ogre Cinder Acolyte on Apr 13, 2022.
             Was an Initiate of Nemelex Xobeh.
             Slain by a centaur (3 damage)
             ... on level 7 of the Dungeon.
             The game lasted 00:14:36 (10379 turns).

zishaf the Fighter (Ogre Cinder Acolyte)           Turns: 10379, Time: 00:14:38

Health: -1/106     AC:  4    Str: 24    XL:     9   Next: 62%
Magic:  13/13      EV:  9    Int: 15    God:    Nemelex Xobeh [......]
Gold:   265        SH:  0    Dex: 10    Spells: 14/14 levels left

rFire   . . .      SeeInvis .   a - -1 mace (flame)
rCold   + . .      Faith    .   (no shield)
rNeg    . . .      Spirit   .   w - +1 robe {rC+}
rPois   .          Reflect  .   (helmet restricted)
rElec   .          Harm     .   (no cloak)
rCorr   .          Rampage  .   (gloves unavailable)
Will    +....                   (boots unavailable)
Stlth   +.........              (no amulet)
HPRegen 0.27/turn               u - +6 ring of dexterity
MPRegen 0.13/turn               d - ring of Rytamom {+Blink Will+}

@: fire susceptible
A: large, unfitting armour, tough skin 1
a: Renounce Religion, Evoke Blink, Draw Escape, Draw Destruction, Draw Summoning


You were on level 7 of the Dungeon.
You worshipped Nemelex Xobeh.
Nemelex Xobeh was noncommittal.
You visited 2 branches of the dungeon, and saw 8 of its levels.
You also visited: Sewer.

You collected 265 gold pieces.

Inventory:

Hand Weapons
 a - a -1 mace of flaming (weapon)
 b - a +1 whip of venom
 x - a +0 giant club
Armour
 v - +0 steam dragon scales
 w - a +1 robe of cold resistance (worn)
Jewellery
 d - the ring of Rytamom (right hand) {+Blink Will+}
   (You acquired it on level 6 of the Dungeon)

   [ring of willpower]

   +Blink:    It lets you blink.
   Will:      It increases your willpower.
 u - a +6 ring of dexterity (left hand)
Wands
 f - a wand of flame (20)
Scrolls
 c - a scroll of immolation
 e - a scroll of fog
 g - a scroll of blinking
 h - 2 scrolls of amnesia
 m - a scroll of fear {unknown}
 o - 4 scrolls of teleportation
Potions
 i - 3 potions of brilliance
 j - 2 potions of attraction
 k - 3 potions of curing
 l - a potion of flight {unknown}
 n - a potion of mutation {unknown}
 p - 2 potions of heal wounds
 q - a potion of might
 r - a potion of resistance {unknown}
 s - 2 potions of lignification {unknown}
 t - a potion of degeneration {unknown}


   Skills:
 - Level 12.0 Fighting
 - Level 7.0 Maces & Flails
 - Level 3.0 Spellcasting
 - Level 2.6 Fire Magic
 + Level 1.3 Invocations
 + Level 4.3 Evocations


You had 14 spell levels left.
You didn't know any spells.
Your spell library contained the following spells:

 Spells                   Type           Power      Damage    Failure   Level
 Scorch                   Fire           20%        2d6       10%         2
 Corpse Rot               Necr/Air       4%         N/A       30%         2
 Poisonous Vapours        Pois/Air       4%         N/A       30%         2


Dungeon Overview and Level Annotations

Branches:
Dungeon (7/15)             Temple (1/1) D:6           Sewer (visited)

Altars:
Cheibriados
Elyvilon
Fedhas
Gozag
Hepliaklqana
Makhleb
Nemelex Xobeh
Okawaru
Qazlal
Ru
Sif Muna
Trog
Wu Jian
Xom
Yredelemnul

Shops:
D:3 *   D:6 !


Innate Abilities, Weirdness & Mutations

You are too large for most types of armour.
You have tough skin. (AC +1)


Message History

The centaur hits you.
* * * LOW HITPOINT WARNING * * *
The centaur kicks you but does no damage.
The centaur hits you.
* * * LOW HITPOINT WARNING * * *
The centaur kicks you.
* * * LOW HITPOINT WARNING * * *
You closely miss the centaur.
The centaur is moderately wounded.
The centaur hits you but does no damage.
The centaur kicks you but does no damage.
The centaur hits you.
* * * LOW HITPOINT WARNING * * *
The centaur kicks you.
* * * LOW HITPOINT WARNING * * *
You hit the centaur. You burn the centaur.
The centaur is heavily wounded.
The centaur hits you but does no damage.
The centaur barely misses you.
You hit the centaur but do no damage.
The centaur is heavily wounded.
The centaur hits you.
* * * LOW HITPOINT WARNING * * *
The centaur kicks you but does no damage.
The centaur hits you.
* * * LOW HITPOINT WARNING * * *
The centaur barely misses you.
You sock the centaur! You burn the centaur.
The centaur is severely wounded.
The centaur barely misses you.
The centaur kicks you but does no damage.
You hit the centaur. You burn the centaur.
The centaur is almost dead.
The centaur hits you.
* * * LOW HITPOINT WARNING * * *
The centaur kicks you but does no damage.
The centaur hits you but does no damage.
The centaur kicks you.
You die...
Your body disappears without a glow.

#.# #.# #.#
#.# #.# #.#
.
#.#+######.
#..........
#..@....##
#...c...##.#
#...........
#...†.......
#...........
#.#######...
#.# ..
#.#####
#.....#


You could see a centaur.

Vanquished Creatures
  Grinder (D:5)
  Prince Ribbit (D:6)
  Eustachio (D:5)
  A steam dragon (D:7)
  Menkaure (D:4)
  A water moccasin (D:6)
  2 ice beasts
  A black bear (D:4)
  3 ogres
  2 centaurs (D:5)
  2 phantoms
  3 bullfrogs
  A scorpion (D:6)
  2 orc priests
  2 hounds
  A jelly (D:4)
  Natasha (thrice) (D:2)
  4 iguanas
  3 orc wizards
  15 adders
  2 white imps (D:6)
  An ufetubus (D:4)
  A worm (D:2)
  23 orcs
  5 endoplasms
  15 giant cockroaches
  6 goblins
  4 hobgoblins
  3 jackals (D:3)
  3 quokkas
  14 ball pythons
  6 bats
  13 frilled lizards
  7 kobolds
  7 rats
160 creatures vanquished.

Vanquished Creatures (others)
  42 foxfires
42 creatures vanquished.

Grand Total: 202 creatures vanquished

Notes
Turn   | Place    | Note
-------+----------+-------------------------------------------
     0 | D:1      | zishaf the Ogre Cinder Acolyte began the quest for the Orb.
     0 | D:1      | Reached XP level 1. HP: 24/24 MP: 2/2
   195 | D:1      | Reached XP level 2. HP: 32/32 MP: 4/4
  1487 | D:2      | Reached XP level 3. HP: 5/41 MP: 6/6
  1733 | D:2      | Reached skill level 5 in Fighting
  1767 | D:2      | Found a faded altar of an unknown god.
  1995 | D:2      | Noticed Natasha
  2008 | D:2      | Killed Natasha
  2009 | D:2      | Reached skill level 6 in Fighting
  2009 | D:2      | Reached XP level 4. HP: 38/52 MP: 7/7
  2246 | D:2      | Noticed Natasha
  2252 | D:2      | Killed Natasha
  2281 | D:2      | Noticed Natasha
  2288 | D:2      | Killed Natasha
  2289 | D:2      | Reached skill level 7 in Fighting
  2289 | D:2      | Reached XP level 5. HP: 13/62 MP: 8/8
  3130 | D:3      | Noticed a phantom
  3138 | D:3      | Killed a phantom
  3139 | D:3      | Reached skill level 8 in Fighting
  3139 | D:3      | Reached XP level 6. HP: 71/74 MP: 9/9
  3294 | D:3      | Found a shimmering altar of Xom.
  3601 | D:3      | Found Biklaexko's General Store.
  4053 | D:4      | Reached skill level 9 in Fighting
  4634 | D:4      | Noticed Menkaure
  4641 | D:4      | Killed Menkaure
  4642 | D:4      | Reached XP level 7. HP: 17/84 MP: 10/10
  4791 | D:4      | Reached skill level 10 in Fighting
  5793 | D:5      | Entered Level 5 of the Dungeon
  5879 | D:5      | Noticed Grinder
  5888 | D:5      | Paralysed by Grinder for 3 turns
  5897 | D:5      | Paralysed by Grinder for 6 turns
  5906 | D:5      | Killed Grinder
  5907 | D:5      | Reached XP level 8. HP: 56/96 MP: 11/11
  6307 | D:5      | Reached skill level 11 in Fighting
  6307 | D:5      | Reached skill level 5 in Maces & Flails
  6549 | D:5      | Noticed Eustachio
  6573 | D:5      | Killed Eustachio
  7597 | D:5      | Found a shimmering blue altar of Sif Muna.
  7718 | D:6      | Identified a scroll of acquirement
  7718 | D:6      | Acquired the ring of Rytamom {+Blink Will+}
  7774 | D:6      | Found a glowing drain.
  7793 | D:6      | Reached skill level 12 in Fighting
  7840 | Sewer    | Entered a sewer
  8072 | Sewer    | Reached skill level 1 in Evocations
  8282 | Sewer    | Reached XP level 9. HP: 55/106 MP: 12/12
  9188 | D:6      | Noticed Prince Ribbit
  9203 | D:6      | Killed Prince Ribbit
  9542 | D:6      | Found a staircase to the Ecumenical Temple.
  9585 | D:6      | Found an iron altar of Okawaru.
  9603 | Temple   | Entered the Ecumenical Temple
  9798 | Temple   | Fell from the grace of Ignis
  9798 | Temple   | Became a worshipper of Nemelex Xobeh the Trickster
  9944 | D:6      | Found Soneblimo's Distillery.
 10361 | D:7      | Reached skill level 1 in Invocations
 10377 | D:7      | HP: 5/106 [centaur (3)]
 10379 | D:7      | HP: 2/106 [centaur (4)]
 10379 | D:7      | Slain by a centaur

Illustrated notes

Levels and vault maps discovered:
D:1:      ncdulo_watergridlock, layout_basic
D:2:      layout_basic, nicolae_ecumenical_snake_handling, minmay_quantized,
          uniq_natasha
D:3:      layout_loops_ring, tgw_xom, serial_shops, shop_statue
D:4:      layout_basic, uniq_menkaure
D:5:      layout_loops_ring, marbit_many_paths, chequers_avenue,
          corner_web_ring, minmay_misc_feat_doors, uniq_eustachio, uniq_grinder
D:6:      layout_loops_ring, lemuel_crystal_altar,
          minmay_temple_entry_glassed_door, gup_sewer_entry_glass, serial_shops,
          nicolae_lakefront_shop, minmay_misc_feat_tower, uniq_prince_ribbit1
D:7:      layout_basic, mainiacjoe_overflow_alcove_1, kennysheep_nub
Temple:   hc_temple_tempest_star

Skill      XL: |  1  2  3  4  5  6  7  8  9 |
---------------+----------------------------+-----
Maces & Flails | 3 4 6 7 |  7.0
Spellcasting   | 2 3 |  3.0
Fighting       | 6 7 8 9 10 12 | 12.0
Evocations     | 1 4 |  4.3
Invocations    | 1 |  1.3
Fire Magic     | |  2.6

Action                   |  1- 3 |  4- 6 |  7- 9 || total
-------------------------+-------+-------+-------++-------
Melee: Mace              |    75 |   158 |   157 ||   390
       Punch             |       |     1 |     3 ||     4
       Whip              |       |       |   149 ||   149
Invok: Foxfire Swarm     |     1 |       |     2 ||     3
       Fiery Armour      |       |     4 |     4 ||     8
 Abil: Evoke Blink       |       |       |     3 ||     3
Evoke: Wand              |       |       |     1 ||     1
  Use: Potion            |     1 |       |       ||     1
       Scroll            |       |       |    12 ||    12
 Stab: Sleeping          |       |       |     1 ||     1
Armor: Robe              |    27 |    71 |    95 ||   193
Dodge: Dodged            |    41 |    96 |   140 ||   277

Table legend: (Time is in decaauts)
 A = Elapsed time spent in this place.
 B = Non-inter-level travel time spent in this place.
 C = Inter-level travel time spent in this place.
 D = Time resting spent in this place.
 E = Time spent auto-exploring this place.
 F = Levels seen in this place.
 G = Mean time per level.
                   A        B        C        D        E       F      G
               +--------+--------+--------+--------+--------+-----+--------+
         Total |  10523 |  10338 |    185 |    794 |   8023 |   9 | 1169.2 |
       Dungeon |   9401 |   9224 |    177 |    682 |   7314 |   7 | 1343.0 |
        Temple |    204 |    196 |      8 |      0 |    164 |   1 |  204.0 |
         Sewer |    916 |    916 |      0 |    112 |    544 |   1 |  916.0 |
               +--------+--------+--------+--------+--------+-----+--------+

Top non-repeatable levels by time:
     D:4: 1941 daAuts
     D:5: 1932 daAuts
     D:2: 1609 daAuts
     D:6: 1548 daAuts
     D:3: 1295 daAuts
     D:1: 1023 daAuts
   Sewer: 916 daAuts
  Temple: 204 daAuts
     D:7: 51 daAuts
